 Dungeon Crawl Stone Soup version 0.28-a0-385-g79de503ca0 (webtiles) character file.

Game seed: 10022171805042816926

70 GordonOverkill the Grave Robber (level 4, -2/21 HPs)
             Began as a Felid Necromancer on Sept 3, 2021.
             Slain by a water moccasin skeleton (6 damage)
             ... on level 4 of the Dungeon.
             The game lasted 00:07:22 (9285 turns).

GordonOverkill the Grave Robber (Felid Necromancer) Turns: 9285, Time: 00:07:22

Health: -2/21      AC:  1    Str:  4    XL:     4   Next: 4%
Magic:  10/10      EV: 17    Int: 17    God:
Gold:   141        SH:  0    Dex: 17    Spells: 6/10 levels left
                                        Lives:  0   Deaths: 1

rFire   . . .      SeeInvis +   (weapon unavailable)
rCold   . . .      Faith    .   (shield unavailable)
rNeg    . . .      Spirit   .   (armour unavailable)
rPois   .          Reflect  .   (helmet unavailable)
rElec   .          Harm     .   (cloak unavailable)
rCorr   .          Rampage  .   (gloves unavailable)
Will    +....                   (boots unavailable)
Stlth   ++........              (no amulet)
HPRegen 0.07/turn               a - ring of willpower
MPRegen 0.12/turn               b - ring of wizardry

@: quick
A: very small, claws 1, fangs 3, see invisible, speed 1, shaggy fur 1, stealthy
paws, no weapons or thrown items, no armour, multi-lived
a: no special abilities


You were on level 4 of the Dungeon.
You visited 1 branch of the dungeon, and saw 4 of its levels.

You collected 141 gold pieces.

Inventory:

Jewellery
 a - a ring of willpower (left paw)
 b - a ring of wizardry (right paw)
Wands
 d - a wand of acid (9)
Scrolls
 c - a scroll of identify


   Skills:
 + Level 3.0 Fighting
 - Level 2.6 Dodging
 - Level 2.6 Stealth
 + Level 3.5 Spellcasting
 - Level 4.0 Necromancy
 + Level 1.4 Evocations


You had 6 spell levels left.
You knew the following spells:

 Your Spells              Type           Power      Damage    Failure   Level
a - Pain                  Necr           64%        1d7       1%          1
b - Vampiric Draining     Necr           8%         2d7       4%          3

Your spell library contained the following spells:

 Spells                   Type           Power      Damage    Failure   Level
 Animate Skeleton         Necr           32%        N/A       1%          1
 Corona                   Hex            2%         N/A       7%          1
 Ensorcelled Hibernation  Hex/Ice        4%         N/A       11%         2
 Animate Dead             Necr           8%         N/A       13%         4
 Tukima's Dance           Hex            2%         N/A       21%         3
 Agony                    Necr           16%        N/A       32%         5


Dungeon Overview and Level Annotations

Branches:
Dungeon (4/15)             Temple (0/1) D:4

Altars:
Elyvilon

Annotations:
D:2 Crazy Yiuf
D:4 Dowan, Duvessa, Menkaure


Innate Abilities, Weirdness & Mutations

You have sharp claws.
You have razor-sharp teeth.
You have supernaturally acute eyesight. (SInv)
You cover ground quickly. (Speed+)
You are covered in fur. (AC +1)
Your paws help you pounce on unaware monsters.
You are incapable of wielding weapons or throwing items.
You cannot wear armour.
You gain extra lives every three experience levels.


Message History

Casting: Pain (safe; 1% risk of failure)
Confirm with . or Enter, or press ? or * to list all spells.
You can't see any susceptible monsters within range! (Use Z to cast anyway.)
Casting: Pain (safe; 1% risk of failure)
Confirm with . or Enter, or press ? or * to list all spells.
You can't see any susceptible monsters within range! (Use Z to cast anyway.)
Casting: Pain (safe; 1% risk of failure)
Confirm with . or Enter, or press ? or * to list all spells.
You can't see any susceptible monsters within range! (Use Z to cast anyway.)
Casting: Pain (safe; 1% risk of failure)
Confirm with . or Enter, or press ? or * to list all spells.
You can't see any susceptible monsters within range! (Use Z to cast anyway.)
You see here 20 arrows.
You aren't carrying any potions.
Unknown command.
You closely miss the water moccasin skeleton.
The water moccasin skeleton misses you. The water moccasin skeleton bites you.
You barely miss the water moccasin skeleton.
Your bite misses the water moccasin skeleton.
The water moccasin skeleton bites you.
You scratch the water moccasin skeleton.
The water moccasin skeleton is lightly damaged.
The water moccasin skeleton bites you.
* * * LOW HITPOINT WARNING * * *
Aiming: Corrosive Bolt
Press: ? - help, Shift-Dir - straight line, f - water moccasin skeleton
Aim: a water moccasin skeleton (lightly damaged, 79% to hit)
The bolt of acid hits the water moccasin skeleton!
The acid corrodes the water moccasin skeleton!
The water moccasin skeleton is heavily damaged.
The water moccasin skeleton misses you.
You scratch the water moccasin skeleton.
The water moccasin skeleton is severely damaged.
The water moccasin skeleton completely misses you.
You barely miss the water moccasin skeleton.
The water moccasin skeleton is severely damaged.
The water moccasin skeleton bites you!
* * * LOW HITPOINT WARNING * * *
The water moccasin skeleton bites you.
You die...

#......# ##......#
#.......#
........####
#..........#
..########.######
#........#
#########.#+####.#
#.........# #@#
#.........# #Z#
#.........# #.#
#.###..##.# #.#
#.# #.######.#
#####.###......(.#
.......###..Z##..#
.......# #......##
.......# #Z..####


You could see a water moccasin skeleton (corroded).

Vanquished Creatures
  A scorpion zombie (D:3)
  5 adders
  A worm (D:2)
  3 dart slugs (D:1)
  An orc (D:3)
  6 ball pythons
  6 endoplasms
  3 giant cockroaches (D:1)
  5 hobgoblins
  10 kobolds
  5 quokkas
  6 bats
  3 frilled lizards
  3 goblins
  3 rats
61 creatures vanquished.

Notes
Turn   | Place    | Note
-------+----------+-------------------------------------------
     0 | D:1      | GordonOverkill the Felid Necromancer began the quest for
                  | the Orb.
     0 | D:1      | Reached XP level 1. HP: 7/7 MP: 4/4
   521 | D:1      | Reached skill level 1 in Fighting
   742 | D:1      | Reached XP level 2. HP: 10/12 MP: 3/6
  2425 | D:2      | Reached XP level 3. HP: 13/16 MP: 4/8
  2507 | D:2      | Learned a level 3 spell: Vampiric Draining
  4183 | D:2      | Reached XP level 4. HP: 13/20 MP: 3/9
  4742 | D:2      | Found a runed translucent door.
  4743 | D:2      | Noticed Crazy Yiuf
  5428 | D:3      | Found a white marble altar of Elyvilon.
  6412 | D:3      | Found a faded altar of an unknown god.
  6960 | D:3      | Reached skill level 1 in Evocations
  9156 | D:3      | Reached XP level 5. HP: 24/24 MP: 11/11
  9195 | D:4      | Noticed Duvessa
  9196 | D:4      | Noticed Dowan
  9196 | D:4      | Noticed an ogre
  9218 | D:4      | Noticed Menkaure
  9223 | D:4      | Found a staircase to the Ecumenical Temple.
  9223 | D:4      | Killed from afar by Menkaure
  9224 | D:4      | Reached XP level 4. HP: -4/21 MP: 8/10
  9285 | D:4      | Slain by a water moccasin skeleton

Illustrated notes

Levels and vault maps discovered:
D:1:      lemuel_arrival_rhombus, layout_loops_corners, minivault_11,
          skrybe_limestone_x
D:2:      layout_basic, uniq_crazy_yiuf_cottage
D:3:      minmay_skewed_foursquare, layout_basic, elyvilon_altar_1,
          shapermc_ecumenical_altar_acropolis, grunt_ministairs_10
D:4:      layout_rooms, general_overflow_altar, temple_fountains, uniq_menkaure,
          uniq_duvessa

Skill      XL: |  1  2  3  4 |
---------------+-------------+-----
Fighting       | 1 2 3 |  3.0
Spellcasting   | 3 |  3.5
Evocations     | 1 |  1.4
Dodging        | |  2.6
Stealth        | |  2.6
Necromancy     | |  4.0

Action                   |  1- 3 |  4- 6 || total
-------------------------+-------+-------++-------
Melee: Unarmed           |       |    71 ||    71
       Bite              |       |     6 ||     6
 Cast: Pain              |   103 |    43 ||   146
       Vampiric Draining |       |     1 ||     1
Evoke: Wand              |       |     1 ||     1
  Use: Scroll            |       |     5 ||     5
 Stab: Sleeping          |       |     1 ||     1
Armor: Skin              |       |     2 ||     2
Dodge: Dodged            |    10 |    78 ||    88

Table legend: (Time is in decaauts)
 A = Elapsed time spent in this place.
 B = Non-inter-level travel time spent in this place.
 C = Inter-level travel time spent in this place.
 D = Time resting spent in this place.
 E = Time spent auto-exploring this place.
 F = Levels seen in this place.
 G = Mean time per level.
                   A        B        C        D        E       F      G
               +--------+--------+--------+--------+--------+-----+--------+
         Total |   8704 |   8552 |    152 |   5727 |   2090 |   4 | 2176.0 |
       Dungeon |   8704 |   8552 |    152 |   5727 |   2090 |   4 | 2176.0 |
               +--------+--------+--------+--------+--------+-----+--------+

Top non-repeatable levels by time:
     D:2: 3924 daAuts
     D:1: 2544 daAuts
     D:3: 2156 daAuts
     D:4: 78 daAuts
